 Dungeon Crawl Stone Soup version 0.27-a0-262-gc50aac273e (webtiles) character file.

Game seed: 16481543592794821883

1283 kae the Grappler (level 8, -1/70 HPs)
             Began as a Grey Draconian Transmuter on Feb 4, 2021.
             Was a Priest of Ru.
             Slain by a killer bee (4 damage)
             ... while petrified by a basilisk
             ... on level 9 of the Dungeon.
             The game lasted 00:06:24 (9875 turns).

kae the Grappler (Grey Draconian Transmuter)        Turns: 9875, Time: 00:06:25

Health: -1/70      AC:  2    Str: 27    XL:     8   Next: 29%
Magic:  14/15      EV:  5    Int: 14    God:    Ru [***...]
Gold:   395        SH:  0    Dex: 17    Spells: 9/17 levels left

rFire    . . .     SeeInvis .     - Unarmed
rCold    . . .     Faith    .   (shield currently unavailable)
rNeg     + + +     Spirit   .   (armour unavailable)
rPois    ∞         Reflect  +   (helmet currently unavailable)
rElec    .         Harm     .   (cloak currently unavailable)
rCorr    .         Rampage  .   (gloves currently unavailable)
Will     .....                  (boots currently unavailable)
Stlth    ..........             v - amulet of reflection
HPRegen  0.21/turn              k - +6 ring of strength
MPRegen  0.14/turn              l - +6 ring of strength

@: spider-form, petrified, marked
A: tiny, (walk through water), unfitting armour, no stealth, inexperienced 1, AC
+11
a: End Transformation, Renounce Religion, Draw Out Power


You were on level 9 of the Dungeon.
You worshipped Ru.
Ru was most pleased with you.
You were a venomous arachnid creature.
You visited 2 branches of the dungeon, and saw 10 of its levels.

You collected 447 gold pieces.
You spent 52 gold pieces at shops.

Inventory:

Jewellery
 a - an uncursed ring of resist corrosion
 j - a +4 ring of protection
 k - a +6 ring of strength (left front leg)
 l - a +6 ring of strength (right front leg)
 o - a +4 ring of evasion
 v - an amulet of reflection (around neck)
 x - a +6 ring of intelligence {unknown}
 B - an uncursed amulet of the acrobat {unknown}
 H - an uncursed ring of protection from fire {unknown}
 I - a cursed ring of willpower {unknown}
Wands
 m - a wand of digging (4)
 q - a wand of random effects (15)
 s - a wand of polymorph (7)
 A - a wand of flame (5)
Scrolls
 b - 7 scrolls of remove curse
 f - a scroll of fear
 g - a scroll of immolation
 h - 2 scrolls of blinking
 p - a scroll of enchant armour
 w - 3 scrolls of fog
 y - 7 scrolls of teleportation
Potions
 c - a potion of invisibility
 d - 7 potions of heal wounds
 e - 5 potions of curing
 i - 2 potions of flight
 n - 2 potions of attraction
 r - a potion of haste
 t - 2 potions of mutation
 u - a potion of cancellation
 z - 3 potions of lignification
 C - a potion of berserk rage
 F - a potion of brilliance
 G - 2 potions of might


   Skills:
 + Level 5.8 Fighting
 + Level 5.1 Dodging
 * Level 8.4 Unarmed Combat
 + Level 5.3 Spellcasting
 + Level 5.7 Transmutations
 * Level 1.7 Ice Magic
 - Level 2.0 Poison Magic


You had 9 spell levels left.
You knew the following spells:

 Your Spells              Type           Power        Failure   Level
a - Beastly Appendage     Tmut           38%          7%          1
b - Spider Form           Tmut/Pois      7%           26%         3
c - Ice Form              Ice/Tmut       14%          58%         4

Your spell library contained the following spells:

 Spells                   Type           Power        Failure   Level
 Wereblood                Tmut           19%          10%         2
 Blade Hands              Tmut           9%           63%         5
 Confusing Touch          Hex            3%           67%         3
 Gell's Gravitas          Tloc           1%           67%         3
 Petrify                  Tmut/Erth      11%          67%         4
 Yara's Violent Unravell  Hex/Tmut       5%           93%         5
 Metabolic Englaciation   Hex/Ice        3%           99%         5


Dungeon Overview and Level Annotations

Branches:
Dungeon (9/15)             Temple (1/1) D:4            Lair (0/6) D:9
    Orc: D:9-12

Altars:
Ashenzari
Cheibriados
Dithmenos
Elyvilon
Fedhas
Gozag
Kikubaaqudgha
Nemelex Xobeh
Okawaru
Qazlal
Ru
Sif Muna
Trog
Uskayaw
Wu Jian
Xom
Yredelemnul
Zin
The Shining One

Shops:
D:5 !


Innate Abilities, Weirdness & Mutations

((You can walk through water.))
((Your dull iron-grey scales are very hard. (AC +11)))
You cannot fit into any form of body armour.
((You can survive without breathing.))
((You are cold-blooded and may be slowed by cold attacks.))
You cannot be stealthy.
You are somewhat inexperienced. (-2 XL)


Message History

The basilisk gazes at you.
The elephant is moving more slowly.
The yak gores you!
* * * LOW HITPOINT WARNING * * *
A hound comes into view.
The killer bee stings you. The killer bee barely misses you.
You redirect the elephant's attack!
The elephant tramples the yak!!
The yak holds its ground!
The elephant trunk-slaps the yak but does no damage.
The killer bee stings you!
* * * LOW HITPOINT WARNING * * *
The killer bee barely misses you.
The yak is stunned by your conviction and fails to attack.
The killer bee stings you!
* * * LOW HITPOINT WARNING * * *
The killer bee stings you.
* * * LOW HITPOINT WARNING * * *
The killer bee stings you.
* * * LOW HITPOINT WARNING * * *
The killer bee stings you!
You die...

.#..........# #
......>..... # .
...........# # ..
..........# # ..h
#.......# # ≈≈≈.
#.......# # ≈≈≈≈≈
#..†..# #
≈≈≈..5###...########
#
.....yysYl.†........
#
.....yyyY.##.#######
#
#########.##.[.....#
# #.########.#####
#.............<.
##########.#####
#.#...#
#######.#.#.#
#.......#.#.#


You could see an elephant (petrifying), a yak (blind), a basilisk (blind), a
hound, 5 killer bees and an ufetubus.

Vanquished Creatures
  Maggie (D:6)
  A basilisk (D:9)
  A black bear (D:8)
  3 orc warriors
  An ice beast (D:7)
  2 ogres
  3 centaurs
  2 phantoms
  A bullfrog (D:8)
  2 scorpions
  4 killer bees (D:8)
  6 wights
  3 bullfrog zombies
  3 hounds
  3 orc priests
  5 jellies
  Jessica (D:3)
  3 iguanas
  6 orc wizards
  Natasha (thrice) (D:3)
  4 worker ants
  A killer bee zombie (D:8)
  2 hound zombies
  7 adders
  A howler monkey skeleton (D:4)
  2 shadow imps
  3 white imps
  2 ufetubi (D:6)
  An ooze (D:3)
  An adder skeleton (D:2)
  A worm (D:2)
  3 dart slugs (D:1)
  2 leopard geckos (D:7)
  19 orcs
  2 giant cockroaches (D:2)
  8 goblins
  2 hobgoblins
  14 jackals
  6 quokkas
  5 ball pythons
  9 bats
  9 frilled lizards
  11 kobolds
  A quokka skeleton (D:5)
  6 rats
176 creatures vanquished.

Vanquished Creatures (others)
  An orc wizard (D:4)
  A leopard gecko (D:6)
  A quokka (D:6)
  A ball python (D:6)
4 creatures vanquished.

Grand Total: 180 creatures vanquished

Notes
Turn   | Place    | Note
-------+----------+-------------------------------------------
     0 | D:1      | kae the Draconian Transmuter began the quest for the Orb.
     0 | D:1      | Reached XP level 1. HP: 16/16 MP: 3/3
    43 | D:1      | Reached XP level 2. HP: 15/23 MP: 3/5
  1328 | D:2      | Reached XP level 3. HP: 28/28 MP: 6/6
  1332 | D:2      | Learned a level 3 spell: Spider Form
  1921 | D:2      | Reached XP level 4. HP: 30/36 MP: 7/7
  2072 | D:2      | Found a bloodstained altar of Trog.
  2086 | D:2      | Reached skill level 1 in Poison Magic
  2275 | D:3      | Noticed Natasha
  2350 | D:3      | Killed Natasha
  2550 | D:3      | Noticed Natasha
  2559 | D:3      | Killed Natasha
  2560 | D:3      | Reached XP level 5. HP: 37/41 MP: 1/8
  2697 | D:3      | Noticed Natasha
  2697 | D:3      | Noticed Jessica
  2712 | D:3      | Killed Natasha
  2713 | D:3      | Reached skill level 4 in Unarmed Combat
  2754 | D:3      | Killed Jessica
  4002 | D:4      | Found an ancient bone altar of Kikubaaqudgha.
  4017 | D:4      | Noticed an ogre
  4088 | D:4      | Reached XP level 6. HP: 44/50 MP: 8/10
  4145 | D:4      | Found a staircase to the Ecumenical Temple.
  4158 | Temple   | Entered the Ecumenical Temple
  4288 | Temple   | Became a worshipper of Ru the Awakened
  4620 | D:4      | Reached skill level 5 in Unarmed Combat
  4962 | D:5      | Entered Level 5 of the Dungeon
  5084 | D:5      | Learned a level 4 spell: Ice Form
  5097 | D:5      | Your scales start taking on a dull iron-grey colour.
  5097 | D:5      | Reached XP level 7. HP: 54/57 MP: 7/11
  5097 | D:5      | Gained mutation: You can survive without breathing. [Grey
                  | Draconian growth]
  5367 | D:5      | Found Orenauru's Distillery.
  5432 | D:5      | Bought a potion of degeneration for 13 gold pieces
  5432 | D:5      | Bought a potion of attraction for 39 gold pieces
  5866 | D:5      | Gained mutation: You cannot be stealthy. [Ru sacrifice]
  5871 | D:5      | Found an iron altar of Okawaru.
  5895 | D:5      | Found a shadowy altar of Dithmenos.
  6120 | D:6      | Reached skill level 6 in Unarmed Combat
  6120 | D:6      | Reached XP level 8. HP: 35/66 MP: 8/13
  6919 | D:6      | Noticed Maggie
  6933 | D:6      | Killed Maggie
  6934 | D:6      | Reached skill level 7 in Unarmed Combat
  7188 | D:6      | Found a white marble altar of Elyvilon.
  7690 | D:7      | Reached skill level 5 in Fighting
  8053 | D:7      | Reached skill level 5 in Transmutations
  8053 | D:7      | Reached XP level 9. HP: 74/74 MP: 12/16
  8774 | D:8      | Reached skill level 5 in Spellcasting
  8779 | D:8      | Gained mutation: You are somewhat inexperienced. (-2 XL)
                  | [Ru sacrifice]
  8779 | D:8      | Reached XP level 8. HP: 45/82 MP: 9/15
  8779 | D:8      | Reached XP level 7. HP: 45/73 MP: 9/14
  8779 | D:8      | Reached * piety under Ru
  8779 | D:8      | Reached ** piety under Ru
  8779 | D:8      | Reached *** piety under Ru
  8914 | D:8      | Reached skill level 8 in Unarmed Combat
  9053 | D:8      | Reached skill level 5 in Dodging
  9117 | D:8      | Reached XP level 8. HP: 32/70 MP: 11/15
  9120 | D:8      | Reached skill level 1 in Ice Magic
  9863 | D:9      | Noticed an elephant
  9864 | D:9      | Found a staircase to the Lair.
  9875 | D:9      | HP: 3/70 [killer bee (2)]
  9875 | D:9      | Slain by a killer bee

Illustrated notes

Levels and vault maps discovered:
D:1:      minmay_arrival_doors, layout_basic, minmay_domino_2
D:2:      layout_rooms, lightli_temple_of_fire, minmay_randomly_rotated_circles
D:3:      layout_rooms, kennysheep_generic_room_2, uniq_natasha, uniq_jessica
D:4:      layout_gridville, lemuel_doored_altar,
          minmay_temple_entry_proselytizer, serial_glass, glass_columns_b,
          glass_columns_c, minmay_goblin_kobold_house
D:5:      layout_cave_pools, nicolae_overflow_hidden_temple, serial_shops,
          kennysheep_mini_moat
D:6:      layout_basic, elyvilon_altar_4, uniq_maggie
D:7:      layout_rooms, dk_rats_in_the_wall
D:8:      layout_basic
D:9:      layout_basic, bloody_makhleb, marbit_many_paths, david_lair_generic
Temple:   eino_temple_lava

Skill      XL: |  1  2  3  4  5  6  7  8  9 |
---------------+----------------------------+-----
Dodging        | 2 3 5 4 |  5.1
Poison Magic   | 1 2 |  2.0
Fighting       | 2 3 4 5 |  5.8
Unarmed Combat | 4 5 8 7 |  8.4
Spellcasting   | 3 4 5 |  5.3
Transmutations | 3 4 5 |  5.7
Ice Magic      | 1 |  1.7

Action                   |  1- 3 |  4- 6 |  7- 9 || total
-------------------------+-------+-------+-------++-------
Melee: Unarmed           |   126 |   137 |   291 ||   554
       Headbutt          |     6 |     6 |       ||    12
       Kick              |    17 |     8 |       ||    25
       Tailslap          |    10 |     6 |     5 ||    21
       Punch             |     1 |     1 |     5 ||     7
 Cast: Beastly Appendage |    27 |    13 |       ||    40
       Spider Form       |     1 |    11 |    45 ||    57
       Ice Form          |       |       |     1 ||     1
Invok: Sacrifice Stealth |       |       |     1 ||     1
       Sacrifice Experie |       |       |     1 ||     1
  Use: Potion            |       |     3 |     1 ||     4
       Scroll            |       |    14 |     7 ||    21
Armor: Skin              |    49 |    38 |    19 ||   106
Dodge: Dodged            |   122 |    96 |   202 ||   420
Block: Other             |       |       |    49 ||    49
       Reflection        |       |       |     4 ||     4

Table legend: (Time is in decaauts)
 A = Elapsed time spent in this place.
 B = Non-inter-level travel time spent in this place.
 C = Inter-level travel time spent in this place.
 D = Time resting spent in this place.
 E = Time spent auto-exploring this place.
 F = Levels seen in this place.
 G = Mean time per level.
                   A        B        C        D        E       F      G
               +--------+--------+--------+--------+--------+-----+--------+
         Total |   9819 |   9485 |    334 |   1161 |   6986 |  10 |  981.9 |
       Dungeon |   9679 |   9362 |    317 |   1161 |   6867 |   9 | 1075.4 |
        Temple |    139 |    122 |     17 |      0 |    119 |   1 |  139.0 |
               +--------+--------+--------+--------+--------+-----+--------+

Top non-repeatable levels by time:
     D:4: 1558 daAuts
     D:6: 1451 daAuts
     D:8: 1297 daAuts
     D:1: 1237 daAuts
     D:3: 1140 daAuts
     D:2: 1095 daAuts
     D:5: 874 daAuts
     D:7: 780 daAuts
     D:9: 243 daAuts
  Temple: 139 daAuts
